 Dungeon Crawl Stone Soup version 0.30-a0-1112-gfb780f5df6 (webtiles) character file.

Game seed: 4125834647310036442

1336 cforsyth the Covered (level 8, 0/70 HPs)
             Began as a Demigod Wanderer on Apr 19, 2023.
             Slain by Prince Ribbit (11 damage)
             ... on level 6 of the Dungeon.
             The game lasted 00:14:37 (6324 turns).

cforsyth the Covered (Demigod Wanderer)             Turns: 6324, Time: 00:14:37

Health: 0/70       AC: 15    Str: 24    XL:     8   Next: 13%
Magic:  21/21      EV: 10    Int: 12    God:
Gold:   327        SH:  0    Dex: 12    Spells: 8/9 levels left

rFire   . . .      SeeInvis .    a - +0 morningstar (protect)
rCold   . . .      Faith    .    (no shield)
rNeg    . . .      Spirit   .    c - +2 scale mail
rPois   .          Reflect  .    (no helmet)
rElec   .          Rampage  .    v - +0 cloak
rCorr   .                        (no gloves)
Will    .....                    (no boots) Stlth
                                 t - amulet of the acrobat
HPRegen 0.31/turn                u - ring of magical power
MPRegen 0.17/turn                G - +4 ring of protection

@: studying Armour
A: high MP 1, forlorn, divine attributes
a: no special abilities


You were on level 6 of the Dungeon.
You visited 1 branch of the dungeon, and saw 6 of its levels.

You collected 327 gold pieces.

Inventory:

Hand Weapons
 a - a +0 morningstar of protection (weapon)
 b - the +5 sling "Tics" {freeze, rCorr Str+2}
   (You found it on level 2 of the Dungeon)

   Str:       It affects your strength (+2).
   rCorr:     It protects you from acid and corrosion.
 e - a +1 dagger of freezing
 i - a +3 dire flail
 w - a +1 spear of freezing
Missiles
 o - 25 poisoned darts (quivered)
Armour
 c - a +2 scale mail (worn)
 v - a +0 cloak (worn)
Jewellery
 t - an amulet of the acrobat (around neck)
 u - a ring of magical power (left hand)
 A - a ring of magical power
 G - a +4 ring of protection (right hand)
 H - a +4 ring of protection
Wands
 B - a wand of flame (40)
 D - a wand of quicksilver (14)
Scrolls
 d - 3 scrolls of blinking
 h - a scroll of noise {unknown}
 k - a scroll of teleportation {unknown}
 l - a scroll of enchant weapon {unknown}
 p - a scroll of immolation {unknown}
 x - a scroll of amnesia {unknown}
 y - a scroll of brand weapon {unknown}
 z - 3 scrolls of vulnerability
 C - a scroll of fog {unknown}
 E - a scroll of silence {unknown}
Potions
 f - 2 potions of attraction {unknown}
 g - 2 potions of heal wounds
 j - a potion of might {unknown}
 m - 3 potions of brilliance
 n - 2 potions of lignification {unknown}
 q - 4 potions of curing
 r - a potion of flight {unknown}
 s - a potion of cancellation {unknown}
 F - a potion of mutation {unknown}


   Skills:
 + Level 5.7 Fighting
 + Level 3.9 Maces & Flails
 - Level 2.6 Throwing
 + Level 7.0 Armour
 - Level 1.0 Stealth
 - Level 1.0 Spellcasting
 - Level 1.0 Ice Magic
 - Level 1.0 Evocations


You had 8 spell levels left.
You knew the following spells:

 Your Spells              Type           Power      Damage    Failure   Level
a - Freeze                Ice            12%        1d3       41%         1

Your spell library contained the following spells:

 Spells                   Type           Power      Damage    Failure   Level
 Hailstorm                Conj/Ice       1%         3d3       85%         3
 Stone Arrow              Conj/Erth      0%         3d7       89%         3
 Vhi's Electric Charge    Tloc/Air       0%         N/A       89%         3
 Animate Armour           Summ/Erth      0%         N/A       100%        4
 Arcjolt                  Conj/Air       0%         1d10      100%        5
 Lehudib's Crystal Spear  Conj/Erth      0%         10d2      100%        8
 Maxwell's Capacitive Co  Air            0%         ∞         100%        8


Dungeon Overview and Level Annotations

Branches:
Dungeon (6/15)             Temple (0/1) D:5

Annotations:
D:6 Prince Ribbit


Innate Abilities, Weirdness & Mutations

You have an increased reservoir of magic. (+10% MP)
You shall have no god before yourself.
Your divine heritage dramatically boosts your attributes as you level up.


Message History

Prince Ribbit is poisoned.
Prince Ribbit is heavily wounded.
You barely miss Prince Ribbit.
Prince Ribbit is heavily wounded.
Prince Ribbit hits you.
You miss Prince Ribbit.
Prince Ribbit is heavily wounded.
Prince Ribbit blinks!
Throw: 28 darts (poison)
Press: ? - help, Q - select action, (/) - cycle Shift-Dir - straight line, f/p - Prince Ribbit
Aim: Prince Ribbit (severely wounded, poisoned, 39% to hit)
You throw a poisoned dart. The poisoned dart hits Prince Ribbit.
Prince Ribbit looks even sicker.
Prince Ribbit is severely wounded.
Prince Ribbit blinks!
Throw: 27 darts (poison)
Press: ? - help, Q - select action, (/) - cycle Shift-Dir - straight line, f/p - Prince Ribbit
Aim: Prince Ribbit (severely wounded, very poisoned, 39% to hit)
You throw a poisoned dart. The poisoned dart hits Prince Ribbit.
Prince Ribbit looks even sicker.
Prince Ribbit is severely wounded.
Prince Ribbit blinks!
Throw: 26 darts (poison)
Press: ? - help, Q - select action, (/) - cycle Shift-Dir - straight line, f/p - Prince Ribbit
Aim: Prince Ribbit (severely wounded, very poisoned, 39% to hit)
You throw a poisoned dart.
The poisoned dart closely misses Prince Ribbit.
You closely miss Prince Ribbit.
Prince Ribbit is severely wounded.
Prince Ribbit barely misses you. Prince Ribbit hits you.
* * * LOW HITPOINT WARNING * * *
You miss Prince Ribbit.
Prince Ribbit is severely wounded.
Prince Ribbit barely misses you. Prince Ribbit hits you!
* * * LOW HITPOINT WARNING * * *
You miss Prince Ribbit.
Prince Ribbit is almost dead.
Prince Ribbit hits you but does no damage.
Prince Ribbit hits you!
You die...

##########
#(.......#
#.......)#
#(.......#
#..(...!.#
#........#
#....../.#
#(..F@...#
#.......>#
#........#
#.....(..#
######..##
#...#
##..##
#...#
#.#.#


You could see Prince Ribbit (very poisoned).

Vanquished Creatures
  An ice beast (D:5)
  2 black bears
  An ogre (D:4)
  2 centaurs (D:5)
  A scorpion (D:4)
  4 wights
  4 killer bees
  2 jellies (D:5)
  4 hounds
  A sleepcap (D:6)
  An iguana (D:5)
  2 orc wizards
  3 gnolls (D:3)
  An adder (D:4)
  A dart slug (D:3)
  11 orcs
  7 ball pythons
  5 bats
  4 endoplasms
  2 giant cockroaches
  3 goblins
  4 hobgoblins
  9 jackals
  7 kobolds
  2 quokkas
  A frilled lizard (D:2)
  2 rats (D:1)
87 creatures vanquished.

Vanquished Creatures (others)
  4 plants (D:5)
4 creatures vanquished.

Grand Total: 91 creatures vanquished

Notes
Turn   | Place    | Note
-------+----------+-------------------------------------------
     0 | D:1      | cforsyth the Demigod Wanderer began the quest for the Orb.
     0 | D:1      | cforsyth set off with the following items: a +0 dagger, 13
                  | poisoned darts, a +2 scale mail, a scroll of blinking; and
                  | the following spell memorised: Freeze; and the following
                  | spells available to memorise: Hailstorm.
     0 | D:1      | Reached XP level 1. HP: 14/14 MP: 4/4
   193 | D:1      | Reached skill level 3 in Armour
   218 | D:1      | Reached skill level 1 in Fighting
   298 | D:1      | Reached XP level 2. HP: 23/23 MP: 5/5
   756 | D:2      | Identified the +5 sling "Tics" {freeze, rCorr Str+2}
  1230 | D:3      | Reached XP level 3. HP: 27/29 MP: 6/6
  1916 | D:4      | Noticed a scorpion
  1922 | D:4      | Killed a scorpion
  1923 | D:4      | Reached skill level 4 in Armour
  1923 | D:4      | Reached XP level 4. HP: 31/37 MP: 8/8
  1995 | D:4      | Noticed an ogre
  2001 | D:4      | Killed an ogre
  2002 | D:4      | Reached XP level 5. HP: 45/45 MP: 9/9
  2164 | D:4      | Noticed a black bear
  2188 | D:4      | Killed a black bear
  2371 | D:4      | Reached XP level 6. HP: 52/52 MP: 10/10
  2852 | D:5      | Entered Level 5 of the Dungeon
  2870 | D:4      | Reached skill level 5 in Armour
  2986 | D:5      | Reached skill level 1 in Maces & Flails
  3008 | D:5      | Found a staircase to the Ecumenical Temple.
  3259 | D:6      | Reached XP level 7. HP: 35/60 MP: 11/11
  3901 | D:5      | Reached skill level 5 in Fighting
  4183 | D:5      | Reached skill level 6 in Armour
  5361 | D:6      | Reached XP level 8. HP: 65/69 MP: 12/12
  5808 | D:5      | Reached skill level 7 in Armour
  6297 | D:6      | Noticed Prince Ribbit
  6324 | D:6      | Slain by Prince Ribbit

Illustrated notes

Levels and vault maps discovered:
D:1:      amcnicky_arrival_underground_garden, layout_rooms
D:2:      layout_rooms, basic_altar, chequers_ecumenical_altar_twisty
D:3:      layout_basic, st_stairs_2
D:4:      layout_loops_ring
D:5:      layout_basic, minitemple, nicolae_hepliaklqana_hazy_memory,
          temple_statues, minmay_manual_mares
D:6:      layout_rooms, nicolae_nh_ransacked_shop, uniq_prince_ribbit1

Skill      XL: |  1  2  3  4  5  6  7  8 |
---------------+-------------------------+-----
Armour         | 3 4 5 6 7 |  7.0
Fighting       | 1 2 3 4 5 |  5.7
Maces & Flails | 2 3 |  3.9
Throwing       | |  2.6
Stealth        | |  1.0
Spellcasting   | |  1.0
Ice Magic      | |  1.0
Evocations     | |  1.0

Action                     |  1- 3 |  4- 6 |  7- 9 || total
---------------------------+-------+-------+-------++-------
  Melee: Dagger            |    31 |       |       ||    31
         Spear             |    45 |    45 |       ||    90
         Morningstar       |       |    25 |   129 ||   154
         Punch             |       |       |     1 ||     1
   Fire: Sling             |    33 |    51 |    16 ||   100
  Throw: Dart              |       |       |     6 ||     6
  Evoke: Wand              |       |     1 |       ||     1
    Use: Scroll            |       |     3 |     3 ||     6
         Potion            |       |       |     1 ||     1
   Stab: Distracted        |       |     1 |       ||     1
 Armour: Scale mail        |    54 |    38 |   117 ||   209
  Dodge: Dodged            |    51 |    43 |   122 ||   216

Table legend: (Time is in decaauts)
 A = Elapsed time spent in this place.
 B = Non-inter-level travel time spent in this place.
 C = Inter-level travel time spent in this place.
 D = Time resting spent in this place.
 E = Time spent auto-exploring this place.
 F = Levels seen in this place.
 G = Mean time per level.
                   A        B        C        D        E       F      G
               +--------+--------+--------+--------+--------+-----+--------+
         Total |   6422 |   6177 |    245 |   2231 |   2957 |   6 | 1070.3 |
       Dungeon |   6422 |   6177 |    245 |   2231 |   2957 |   6 | 1070.3 |
               +--------+--------+--------+--------+--------+-----+--------+

Top non-repeatable levels by time:
     D:5: 2425 daAuts
     D:4: 1137 daAuts
     D:6: 930 daAuts
     D:1: 794 daAuts
     D:3: 642 daAuts
     D:2: 493 daAuts
